 Dungeon Crawl Stone Soup version 0.21-a0-525-ga34b322 (webtiles) character file.

21 slep the Chopper (level 2, -1/22 HPs)
             Began as a Demonspawn Gladiator on Dec 8, 2017.
             Slain by a kobold
             ... wielding a +0 whip
              (4 damage)
             ... on level 1 of the Dungeon.
             The game lasted 00:01:10 (408 turns).

slep the Chopper (Demonspawn Gladiator)              Turns: 408, Time: 00:01:11

Health: -1/22      AC:  4    Str: 14    XL:     2   Next: 65%
Magic:  2/2        EV: 12    Int:  9    God:
Gold:   71         SH:  0    Dex: 14    Spells: 1/1 levels left

rFire    . . .     SeeInvis .   a - +0 war axe
rCold    . . .     Gourm    .   (no shield)
rNeg     . . .     Faith    .   b - +0 leather armour
rPois    .         Spirit   .   c - +0 helmet
rElec    .         Reflect  .   (no cloak)
rCorr    .         Harm     .   (no gloves)
MR       .....                  (no boots)
Stlth    +.........             (no amulet)
HPRegen  0.07/turn              (no ring)
MPRegen  0.08/turn              (no ring)

@: no status effects
A: rot immunity
a: no special abilities


You were on level 1 of the Dungeon.
You were not hungry.

You visited 1 branch of the dungeon, and saw 1 of its levels.

You collected 71 gold pieces.

Inventory:

Hand Weapons
 a - a +0 war axe (weapon)
Missiles
 d - 3 throwing nets (quivered)
Armour
 b - a +0 leather armour (worn)
 c - a +0 helmet (worn)
Scrolls
 e - a scroll of enchant weapon {unknown}
Comestibles
 f - 2 bread rations


   Skills:
 + Level 2.2 Fighting
 + Level 3.2 Axes
 + Level 1.9 Throwing
 + Level 2.8 Dodging
 + Level 0.3 Stealth


You had one spell level left.
You didn't know any spells.

Dungeon Overview and Level Annotations

Branches:
Dungeon (1/15)

Altars:


Innate Abilities, Weirdness & Mutations

You are immune to rotting.


Message History

The teleport trap disappears.
The goblin disappears!
The kobold misses you.
You closely miss the kobold.
The kobold is severely wounded.
The kobold closely misses you.
You slash the hobgoblin!
You kill the hobgoblin!
You miss the kobold. The kobold hits you with a whip.
The kobold barely misses you.
You barely miss the kobold.
The kobold is severely wounded.
The kobold hits you with a whip.
* * * LOW HITPOINT WARNING * * *
You closely miss the kobold.
The kobold is severely wounded.
The kobold hits you with a whip.
* * * LOW HITPOINT WARNING * * *
You closely miss the kobold.
The kobold is severely wounded.
The kobold closely misses you. The kobold hits you with a whip.
You die...

.##..♣ ♣P..#
...#.P♣♣♣...#
#....P.....#
##....##...##
###.#..####..######...
...................... .
....##..####..#####.....
#..####...###.#####.....
................@K...$..
#...............).......
..###.†.##.#.###.#######
..# ##..##.#.# #.# ..#
##..# .. #.# ... ...#..#
... ... ..##.. ... ...
.###. .... ..## .#


You could see a kobold.

Vanquished Creatures
  2 dart slugs (D:1)
  A ball python (D:1)
  A giant cockroach (D:1)
  2 goblins (D:1)
  A hobgoblin (D:1)
  2 jackals (D:1)
  A kobold (D:1)
  3 bats (D:1)
  2 frilled lizards (D:1)
  A rat (D:1)
16 creatures vanquished.

Notes
Turn   | Place    | Note
-------+----------+-------------------------------------------
     0 | D:1      | slep the Demonspawn Gladiator began the quest for the Orb.
     0 | D:1      | Reached XP level 1. HP: 16/16 MP: 1/1
    69 | D:1      | Reached skill level 3 in Axes
    74 | D:1      | Gained mutation: You are immune to rotting. [demonic ancestry]
    74 | D:1      | Reached XP level 2. HP: 7/22 MP: 2/2
   408 | D:1      | Slain by a kobold

Vault maps used:
D:1:      onia_arrival_mini_maze_b, serial_forest, infiniplex_forest_split,
          infiniplex_forest_clump_C, infiniplex_forest_clump_double,
          infiniplex_forest_straight_2, infiniplex_forest_end_3,
          infiniplex_forest_straight_3, infiniplex_forest_lined_room_,
          minmay_misc_feat_encased, minmay_cupped

Skill      XL: |  1 |
---------------+----+-----
Axes           | 3 |  3.2
Fighting       | |  2.2
Throwing       | |  1.9
Dodging        | |  2.8
Stealth        | |  0.3

Action                   || total
-------------------------++-------
Melee: War axe           ||    52
 Stab: Sleeping          ||     1
Armor: Leather armour    ||    37
Dodge: Dodged            ||    39

Table legend:
 A = Spawn XP
 B = Non-spawn XP
 C = Spawn XP percentage of total XP
 D = Spawn monster count
 E = Non-spawn monster count
 F = Spawn count percentage of total count
 G = Total turns spent on level
                    A         B        C        D         E        F      G
               +---------+---------+-------+---------+---------+-------+---------
         Total |       0 |      31 |   0.0 |       0 |      16 |   0.0 |   408
               +---------+---------+-------+---------+---------+-------+---------
           D:1 |       0 |      31 |   0.0 |       0 |      16 |   0.0 |   408
               +---------+---------+-------+---------+---------+-------+---------
